 Dungeon Crawl Stone Soup version 0.25-a0-842-g81a31cfd23 (webtiles) character file.

Game seed: 6823594364537343312, levelgen mode: deterministic

63 Delarado the Chopper (level 3, -1/31 HPs)
             Began as a Minotaur Monk on Apr 24, 2020.
             Slain by Robin
             ... wielding a +0 club
              (6 damage)
             ... on level 2 of the Dungeon.
             The game lasted 00:02:00 (1245 turns).

Delarado the Chopper (Minotaur Monk)                Turns: 1245, Time: 00:02:01

Health: -1/31      AC:  2    Str: 16    XL:     3   Next: 89%
Magic:  2/2        EV: 13    Int:  7    God:
Gold:   103        SH:  0    Dex: 12    Spells: 2/2 levels left

rFire    . . .     SeeInvis .   a - +0 hand axe
rCold    . . .     Gourm    .   (no shield)
rNeg     . . .     Faith    .   b - +0 robe
rPois    .         Spirit   .   (helmet restricted)
rElec    .         Reflect  .   (no cloak)
rCorr    .         Harm     .   (no gloves)
MR       .....                  (no boots)
Stlth    ++........             (no amulet)
HPRegen  0.10/turn              (no ring)
MPRegen  0.08/turn              (no ring)

@: lightly drained
A: retaliatory headbutt, horns 2
a: no special abilities


You were on level 2 of the Dungeon.
You were not hungry.

You visited 1 branch of the dungeon, and saw 2 of its levels.

You collected 103 gold pieces.

Inventory:

Hand Weapons
 a - a +0 hand axe (weapon)
Missiles
 d - 51 stones (quivered)
 i - 18 poisoned darts
Armour
 b - a +0 robe (worn)
Jewellery
 l - an uncursed amulet of rage
Scrolls
 e - a scroll of magic mapping {unknown}
 f - a scroll of enchant armour {unknown}
 h - a scroll of noise {unknown}
 j - a scroll of teleportation {unknown}
 k - a scroll of fear {unknown}
Comestibles
 c - 3 rations
 g - 7 chunks of flesh


   Skills:
 - Level 3.6(3.5) Fighting
 + Level 5.9(5.8) Axes
 - Level 3.2 Dodging
 - Level 1.5 Stealth


You had 2 spell levels left.
You didn't know any spells.
Your spell library was empty.

Dungeon Overview and Level Annotations

Branches:
Dungeon (2/15)

Altars:
Dithmenos

Annotations:
D:2 Robin


Innate Abilities, Weirdness & Mutations

You reflexively headbutt those who attack you in melee.
You have a pair of horns on your head.


Message History

Robin is moderately wounded.
Robin barely misses you.
The hobgoblin hits you but does no damage.
You hit Robin.
Robin is heavily wounded.
You hit the hobgoblin. Robin hits you with a +0 club.
You barely miss Robin.
Robin is moderately wounded.
You hit the hobgoblin but do no damage. The hobgoblin hits you with a +0 club!
Robin hits you with a +0 club.
* * * LOW HITPOINT WARNING * * *
You hit Robin.
Robin is heavily wounded.
You completely miss the hobgoblin. The hobgoblin closely misses you.
Robin hits you with a +0 club.
* * * LOW HITPOINT WARNING * * *
You hit Robin. You headbutt Robin.
Robin is almost dead.
You hit the hobgoblin. The hobgoblin misses you. Robin hits you with a +0 club.
You die...

###### .....#
(...[# .....#
######
######### #
#.....gg# #
#@# ## #####
#)# .# #§..##
# #)#
.###._§.##.##
#.#
...........>#
#.#
..####..##..#
#.# #.#
##.##..# #.#
#.# #.##..#
#.# #..
#.##..# #.#


You could see Robin and a hobgoblin.

Vanquished Creatures
  An adder (D:2)
  An ooze (D:2)
  2 worms (D:2)
  A dart slug (D:1)
  A leopard gecko (D:1)
  An orc (D:2)
  4 bats
  2 giant cockroaches (D:2)
  4 hobgoblins
  4 jackals (D:2)
  3 kobolds (D:2)
  A ball python (D:2)
  2 frilled lizards (D:1)
  9 goblins
36 creatures vanquished.

Notes
Turn   | Place    | Note
-------+----------+-------------------------------------------
     0 | D:1      | Delarado the Minotaur Monk began the quest for the Orb.
     0 | D:1      | Reached XP level 1. HP: 19/19 MP: 0/0
   167 | D:1      | Reached skill level 4 in Axes
   259 | D:1      | Reached XP level 2. HP: 18/26 MP: 1/1
   715 | D:2      | Reached skill level 5 in Axes
   715 | D:2      | Reached XP level 3. HP: 24/31 MP: 2/2
   878 | D:2      | Found a shadowy altar of Dithmenos.
  1230 | D:2      | Noticed Robin
  1245 | D:2      | Slain by Robin

Levels and vault maps discovered:
D:1:      lemuel_arrival_behind_the_door_small, layout_loops_ring,
          minmay_misc_feat_rows, hangedman_decor_points
D:2:      kennysheep_big_flooded_room, layout_basic, lemuel_doored_altar,
          minitemple, grunt_dithmenos_smoke, uniq_robin

Skill      XL: |  1  2 |
---------------+-------+-----
Axes           | 4 5 |  5.9
Fighting       | |  3.6
Dodging        | |  3.2
Stealth        | |  1.5

Action                   || total
-------------------------++-------
Melee: Hand axe          ||    83
       Headbutt          ||    15
 Stab: Distracted        ||     1
  Eat: Chunk             ||     1
Armor: Robe              ||    15
Dodge: Dodged            ||    57

Table legend:
 A = Non-vault XP
 B = Vault XP
 C = Vault XP percentage of total XP
 D = Non-vault monster count
 E = Vault monster count
 F = Vault count percentage of total count
                 A         B        C        D         E       F
            +---------+---------+-------+---------+---------+-------
      Total |      81 |      10 |  11.0 |      30 |       6 |  16.7
            +---------+---------+-------+---------+---------+-------
        D:1 |      23 |       0 |   0.0 |      12 |       0 |   0.0
        D:2 |      58 |      10 |  14.7 |      18 |       6 |  25.0
            +---------+---------+-------+---------+---------+-------
